 Dungeon Crawl Stone Soup version 0.16-a0-4020-g6ff35b5 (webtiles) character file.

199646 MDvedh the Tortoise (level 17, -2/148 HPs)
             Began as a High Elf Berserker on Feb 17, 2015.
             Was the Champion of Trog.
             Slain by a tentacle (9 damage)
             ... attached to a kraken
             ... on level 4 of the Shoals.
             The game lasted 01:52:09 (38981 turns).

MDvedh the Tortoise (High Elf Berserker)           Turns: 38981, Time: 01:52:09

Health: -2/148     AC: 43    Str: 16    XL:     17   Next: 85%
Magic:  7/7        EV:  8    Int: 15    God:    Trog [******]
Gold:   948        SH:  0    Dex: 18    Spells: 0 memorised, 16 levels left

rFire  + . .     SeeInvis +     g - +6 great sword (antimagic)
rCold  + . .     Clarity  +     O - +8 orange crystal plate armour {Archmagi, Int+3 Clar SustAb}
rNeg   + + .     SustAb   +     (no shield)
rPois  +         Gourm    .     o - +1 hat {MR+}
rElec  .         Spirit   .     H - +1 cloak
rCorr  .         Warding  .     k - +1 pair of gloves
rMut   .         Stasis   .     K - +1 pair of boots
MR     ++++.                    Z - amulet of regeneration
Stlth  ..........               Y - ring "Theune Thun" {rF+ rC+ rN++ MR++ SInv Stlth-}
                                C - +5 ring of slaying

@: incredibly resistant to hostile enchantments, extremely unstealthy
A: clarity, dopey 1, poison resistance, robust 1, weak 1
a: Burn Spellbooks, Berserk, Trog's Hand, Brothers in Arms, Renounce Religion
}: 1/15 runes: serpentine


You were on level 4 of the Shoals.
You worshipped Trog.
Trog was exalted by your worship.
You were not hungry.

You visited 5 branches of the dungeon, and saw 36 of its levels.
You also visited: Labyrinth and Ossuary.

You collected 3681 gold pieces.
You spent 2733 gold pieces at shops.

Inventory:

Hand weapons
 a - a +3 triple sword of slicing
 g - a +6 antimagic great sword (weapon)
 F - a +2 great sword of flaming
 L - a +4 great sword of holy wrath
Armour
 k - a +1 pair of gloves (worn)
 o - a +1 hat of magic resistance (worn)
 H - a +1 cloak (worn)
 K - a +1 pair of boots (worn)
 O - the +8 orange crystal plate armour (worn) {Archmagi, Int+3 Clar SustAb}
   (You found it in a labyrinth)

   It affects your intelligence (+3).
   It sustains your strength, intelligence and dexterity.
   It protects you against confusion.
Jewellery
 l - an uncursed ring of fire
 C - a +5 ring of slaying (left hand)
 J - an uncursed ring of flight
 M - an uncursed amulet of resist corrosion
 X - an uncursed ring of protection from cold
 Y - the ring "Theune Thun" (right hand) {rF+ rC+ rN++ MR++ SInv Stlth-}
   (You bought it in a shop on level 4 of the Orcish Mines)

   [ring of protection from fire]

   It protects you from fire.
   It protects you from cold.
   It greatly protects you from negative energy.
   It affects your resistance to hostile enchantments.
   It enhances your eyesight.
   It makes you less stealthy.
 Z - an amulet of regeneration (around neck)
Magical devices
 f - a wand of lightning (4)
 A - a wand of disintegration (11)
Scrolls
 e - 7 scrolls of fear
 q - 18 scrolls of remove curse
 v - 2 scrolls of enchant armour
 x - 8 scrolls of teleportation
 y - a scroll of summoning
 D - a scroll of recharging
 G - 11 scrolls of identify
 I - a scroll of holy word
 W - 2 scrolls of enchant weapon
Potions
 d - 7 potions of might
 i - 9 potions of heal wounds
 j - 2 potions of agility
 m - 7 potions of haste
 n - 3 potions of resistance
 r - 12 potions of curing
 B - 3 potions of cancellation
 P - 2 potions of magic
 R - 2 potions of flight
 S - 2 potions of cure mutation
 V - a potion of invisibility
Comestibles
 b - 11 beef jerkies
 c - 16 bread rations
 h - 6 slices of pizza
 E - 8 meat rations


   Skills:
 + Level 18.8 Fighting
 + Level 18.1 Long Blades
 + Level 19.0 Armour
 - Level 9.3 Dodging


You had 16 spell levels left.
You didn't know any spells.

Dungeon Overview and Level Annotations

Branches:
Dungeon (15/15) Temple (0/1) D:6 Lair (8/8) D:10 Shoals (4/5) Lair:4 Snake (5/5) Lair:5 Slime (0/6) Lair:8 Orc (4/4) D:12 Vaults (0/5) D:12 D:13 Depths (0/5) D:15 Elf: Orc:3-4

Altars:
Ashenzari
Cheibriados
Dithmenos
Makhleb
Okawaru
Qazlal
Ru
Trog
Xom
Yredelemnul
The Shining One
Jiyva

Shops:
D:12 (   Orc:4 [(*=   Shoals:1 !   Snake:5 *

Portals:
Hell: Lair:8

Annotations:
Lair:7 exclusion: 2 oklob plants


Innate Abilities, Weirdness & Mutations

You possess an exceptional clarity of mind.
You are dopey. (Int -2)
Your system is resistant to poisons.
You are robust (+10% HP).
You are weak. (Str -2)


Message History

A tentacle rises from the water!
The tentacle slaps you!
* * * LOW HITPOINT WARNING * * *
The tentacle slaps you but does no damage. x2
Unknown command.
Unknown command.
Unknown command.
The tentacle closely misses you.
The kraken squirts a massive cloud of ink into the water!
The tentacle barely misses you. The tentacle slaps you.
* * * LOW HITPOINT WARNING * * *
The tentacle slaps you but does no damage.
Found a halberd.
Unknown command.
Unknown command.
The tentacle slaps you.
* * * LOW HITPOINT WARNING * * *
The tentacle slaps you!
* * * LOW HITPOINT WARNING * * *
The tentacle slaps you!
You die... ≈≈.##§§§§§≈(.≈≈ ≈≈...≈≈§§§§≈≈≈≈≈ ≈≈≈≈≈§§§§§§.≈≈≈≈≈ ≈≈≈≈§§§X§..t...≈≈ ≈≈≈≈≈§§§§**w*t.[P≈≈ ≈≈≈≈≈≈≈§≈§**##*#..≈ ≈ ≈≈≈(≈≈≈§≈§§***..# ≈PP

≈≈≈≈≈≈≈§≈§..**w###...PP≈
≈≈≈≈≈≈≈≈.....*w@.P≈≈PP≈≈
≈≈≈≈≈≈≈≈.)##.≈≈w...≈≈≈≈..
≈≈≈≈≈≈≈≈<###≈≈....(...P.
≈≈≈≈≈≈≈≈≈(≈≈≈≈...PP...).
[≈≈≈≈≈≈≈≈≈≈≈≈≈≈≈P≈≈≈..#
≈≈≈≈≈≈≈≈≈≈≈≈≈P≈.≈≈≈≈.#
≈>≈≈≈≈≈≈≈≈######.≈≈≈.
.≈≈≈≈≈≈≈≈( .P≈.
≈≈≈≈≈≈≈≈.. .


You could see a kraken and 3 tentacles.

Vanquished Creatures
  Vashnia (Snake:2)
  Kirke (Snake:2)
  Frances (Snake:3)
  12 greater nagas
  Donald (D:12)
  An orc warlord (Orc:4)
  A dire elephant (Lair:8)
  Snorg (Orc:3)
  A minotaur (Lab)
  Josephine (D:13)
  Fannar (Lair:1)
  2 ice dragons (D:15)
  A ghost crab (shapeshifter) (D:15)
  12 naga warriors
  6 hydras
  A satyr (Shoals:3)
  Erica (Lair:2)
  2 centaur warriors
  5 death yaks
  18 anacondas
  17 naga sharpshooters
  6 orc high priests
  6 shock serpents
  A sun demon (Lair:8)
  A soul eater (Orc:4)
  The ghost of Uberwunderbarhen the Thaumaturge, an experienced DEFE of Vehumet (D:9)
  2 catoblepae
  A skeletal warrior (D:13)
  A salamander mystic (Snake:3)
  A sea snake (Snake:3)
  2 wizards
  9 naga ritualists
  An unseen horror (D:13)
  3 orc knights
  7 mana vipers
  A lindwurm (Lair:8)
  An orc sorcerer (Orc:4)
  14 hill giants
  2 fauns
  4 manticores
  A wolf spider (D:13)
  A sixfirhy (Lair:8)
  7 salamanders
  2 slime creatures (D:15)
  A water nymph (Shoals:1)
  4 griffons
  13 guardian serpents (Snake:5)
  18 elephants
  2 ugly things
  9 naga magi
  4 sirens
  43 black mambas
  3 cyclopes
  10 spiny frogs
  5 orange demons (Lair:8)
  Psyche (Orc:1)
  6 centaur skeletons
  3 kobold demonologists
  2 gargoyles
  10 komodo dragons
  4 fire drakes
  A hellwing (Orc:4)
  4 two-headed ogres
  2 polar bears
  5 merfolk
  2 blue devils (Lair:8)
  Sonja (D:15)
  A freezing wraith (D:12)
  2 trolls
  Prince Ribbit (Orc:1)
  A trapdoor spider zombie (D:15)
  2 basilisks
  21 blink frogs
  A trapdoor spider (D:13)
  A snapping turtle (Shoals:2)
  A boulder beetle (Lair:7)
  13 hippogriffs
  6 wraiths
  16 humans
  2 shadows
  A water elemental (Shoals:3)
  4 wyverns
  39 yaks
  A deep elf fighter (D:10)
  2 deep elf magi
  11 wolves
  A mottled dragon (D:13)
  A hungry ghost (D:8)
  6 wargs
  38 nagas
  2 vampire mosquitoes (D:15)
  2 hell hounds (Lair:8)
  5 spiders (Snake:3)
  8 ice beasts
  28 water moccasins
  A soldier ant (D:12)
  30 orc warriors
  3 sky beasts
  8 porcupines
  2 black bears (Lair:1)
  13 ogres
  A phantom (D:10)
  11 crocodiles
  10 centaurs
  2 necrophages
  4 big kobolds
  An elf zombie (Ossuary)
  19 giant frogs
  Blork the orc (Orc:1)
  14 killer bees
  2 scorpions
  3 wights (D:6)
  5 electric eels
  12 hounds
  A centaur zombie (D:9)
  9 crimson imps
  3 goliath beetles
  2 human zombies (Ossuary)
  5 jellies
  4 giant frog skeletons
  Crazy Yiuf (D:7)
  12 orc priests
  27 orc wizards
  Natasha (thrice) (D:5)
  8 hell rats (Lair:2)
  10 worker ants
  6 iguanas
  A big kobold zombie (Ossuary)
  4 hound zombies
  14 sheep
  4 mummies
  A worker ant zombie (D:5)
  24 adders
  90 river rats
  5 shadow imps
  3 giant mites
  3 worms
  2 adder skeletons
  4 adder zombies (Ossuary)
  5 giant geckos
  2 oozes (D:1)
  136 orcs
  A bat skeleton (D:5)
  4 giant cockroaches
  19 goblins
  20 hobgoblins
  14 jackals
  30 kobolds
  10 quokkas
  A ball python (D:3)
  23 bats
  A giant gecko skeleton (D:5)
  3 giant gecko zombies (D:5)
  A giant newt (D:6)
  A giant spore (D:14)
  2 gnoll zombies (Ossuary)
  4 goblin zombies (Ossuary)
  4 hobgoblin zombies (Ossuary)
  2 jackal zombies (Ossuary)
  A kobold zombie (Ossuary)
  2 orc zombies (Ossuary)
  4 quokka zombies (Ossuary)
  40 rats
  7 rat zombies (Ossuary)
  5 ballistomycetes (D:14)
  A tentacle (Shoals:4)
1263 creatures vanquished.

Vanquished Creatures (collateral kills)
  Nikola (Snake:5)
  Gastronok (D:8)
  2 naga sharpshooters (Snake:2)
  A shock serpent (Snake:5)
  Erolcha (D:8)
  An orange demon (Lair:8)
  A hellwing (Lair:8)
  A blink frog (Lair:2)
  6 yaks (Lair:8)
  A naga (Snake:5)
  A hound (D:8)
17 creatures vanquished.

Vanquished Creatures (others)
  A hill giant (Snake:5)
  A deep troll (Lair:8)
  A naga ritualist (Snake:5)
  A fire drake (Lair:7)
  4 humans (Snake:2)
  2 river rats (Lair:4)
  A giant spore (D:14)
  A fungus (Lair:7)
  5 plants
  10 tentacles (Shoals:4)
  1772 tentacle segments (Shoals:4)
1799 creatures vanquished.

Grand Total: 3079 creatures vanquished

Notes
Turn   | Place    | Note
--------------------------------------------------------------
     0 | D:1      | MDvedh, the High Elf Berserker, began the quest for the Orb.
     0 | D:1      | Reached XP level 1. HP: 16/16 MP: 2/2
     2 | D:1      | Noticed a centaur
     2 | D:1      | Noticed a felid
     4 | D:1      | Noticed a formicid
     4 | D:1      | Noticed a demigod
     8 | D:1      | Noticed a vine stalker
     8 | D:1      | Noticed a ghoul
    10 | D:1      | Noticed a human
    10 | D:1      | Noticed a naga
    12 | D:1      | Noticed a demonspawn
    12 | D:1      | Noticed an elf
    14 | D:1      | Noticed a draconian
    14 | D:1      | Noticed an octopode
    16 | D:1      | Noticed an ogre
    16 | D:1      | Noticed a spriggan
    18 | D:1      | Noticed a merfolk
    20 | D:1      | Noticed a troll
    22 | D:1      | Noticed a vampire
    24 | D:1      | Noticed a minotaur
    24 | D:1      | Noticed a gargoyle
    26 | D:1      | Noticed a dwarf
    26 | D:1      | Noticed a tengu
   103 | D:1      | Reached skill level 4 in Long Blades
   205 | D:1      | Reached XP level 2. HP: 21/21 MP: 3/3
   623 | D:1      | Acquired Trog's second power
   768 | D:1      | Reached skill level 5 in Long Blades
   990 | D:2      | Reached XP level 3. HP: 23/26 MP: 5/5
  1272 | D:2      | Reached XP level 4. HP: 11/31 MP: 7/7
  1611 | D:2      | Reached skill level 6 in Long Blades
  1849 | D:2      | Found a shimmering altar of Xom.
  2354 | D:3      | Noticed a sky beast
  2359 | D:3      | Reached XP level 5. HP: 27/36 MP: 8/8
  2372 | D:3      | Killed a sky beast
  2372 | D:3      | Reached skill level 7 in Long Blades
  2399 | D:3      | Gained mutation: You are dopey. (Int -2) [mutagenic meat]
  2770 | D:3      | Reached skill level 8 in Long Blades
  2775 | D:3      | Noticed an ice beast
  2789 | D:3      | Killed an ice beast
  2789 | D:3      | Reached XP level 6. HP: 42/42 MP: 10/10
  3018 | D:3      | Reached skill level 9 in Long Blades
  3102 | D:4      | Acquired Trog's third power
  3195 | D:4      | Found a glowing golden altar of the Shining One.
  3302 | D:4      | Reached XP level 7. HP: 46/46 MP: 12/12
  3390 | D:4      | Noticed a two-headed ogre
  3397 | D:4      | Reached skill level 10 in Long Blades
  3601 | D:4      | Noticed a two-headed ogre
  3610 | D:4      | Killed a two-headed ogre
  3610 | D:4      | Reached skill level 11 in Long Blades
  3809 | D:4      | Killed a two-headed ogre
  3809 | D:4      | Reached XP level 8. HP: 52/52 MP: 13/13
  3857 | D:5      | Entered Level 5 of the Dungeon
  3984 | D:5      | Reached skill level 12 in Long Blades
  4086 | D:5      | Noticed Natasha
  4098 | D:5      | Killed Natasha
  4312 | D:5      | Found a snail-covered altar of Cheibriados.
  4357 | D:5      | Noticed Natasha
  4368 | D:5      | Killed Natasha
  4426 | D:5      | Noticed Natasha
  4435 | D:5      | Killed Natasha
  4991 | D:6      | Gained mutation: You possess an exceptional clarity of mind. [mutagenic meat]
  4992 | D:6      | Gained mutation: Your system is resistant to poisons. [mutagenic meat]
  4993 | D:6      | Gained mutation: You are weak. (Str -2) [mutagenic meat]
  5142 | D:6      | Reached skill level 13 in Long Blades
  5817 | D:6      | Found a staircase to the Ecumenical Temple.
  6011 | D:6      | Found a shadowy altar of Dithmenos.
  6127 | D:7      | Noticed Crazy Yiuf
  6141 | D:7      | Killed Crazy Yiuf
  6343 | D:7      | Reached XP level 9. HP: 36/56 MP: 15/15
  6448 | D:7      | Reached skill level 14 in Long Blades
  6481 | D:7      | Found a sand-covered staircase.
  6486 | Ossuary  | Entered an ossuary
  8377 | D:8      | Noticed Gastronok
  8396 | D:8      | Killed Gastronok
  8396 | D:8      | Reached skill level 5 in Fighting
  8396 | D:8      | Reached skill level 5 in Dodging
  8396 | D:8      | Reached XP level 10. HP: 32/66 MP: 17/17
  8982 | D:8      | Noticed Erolcha
  9000 | D:8      | Killed Erolcha
  9309 | D:8      | Found a sacrificial altar of Ru.
  9343 | D:8      | Reached skill level 5 in Armour
  9529 | D:9      | Noticed Uberwunderbarhen's ghost (experienced DEFE)
  9556 | D:9      | Killed Uberwunderbarhen's ghost
 10225 | D:9      | Found a stormy altar of Qazlal.
 10528 | D:9      | Found a basalt altar of Yredelemnul.
 10846 | D:10     | Entered Level 10 of the Dungeon
 11254 | D:10     | Received a gift from Trog
 11333 | D:10     | Reached XP level 11. HP: 72/75 MP: 18/18
 11597 | D:10     | Found a shattered altar of Ashenzari.
 11602 | D:10     | Saw a vision of the Shoals and the Snake Pit.
 11602 | D:10     | Noticed a black mamba
 11602 | D:10     | Noticed a naga sharpshooter
 11602 | D:10     | Noticed a mana viper
 11602 | D:10     | Noticed a siren
 11668 | D:10     | Received a gift from Trog
 12085 | D:10     | Noticed a hill giant
 12096 | D:10     | Killed a hill giant
 12105 | D:10     | Noticed a hill giant
 12118 | D:10     | Killed a hill giant
 12489 | D:10     | Found a staircase to the Lair.
 12718 | Lair:1   | Entered Level 1 of the Lair of Beasts
 13018 | Lair:1   | Received a gift from Trog
 13038 | Lair:1   | Found a labyrinth entrance.
 13085 | Lab      | Entered a labyrinth
 13205 | Lab      | Noticed a minotaur
 13216 | Lab      | Killed a minotaur
 13216 | Lab      | Reached skill level 15 in Long Blades
 13484 | Lair:1   | Noticed Fannar
 13505 | Lair:1   | Killed Fannar
 14080 | Lair:2   | Reached XP level 12. HP: 77/85 MP: 6/19
 14656 | Lair:2   | Noticed Erica
 14676 | Lair:2   | Killed Erica
 14913 | Lair:2   | Received a gift from Trog
 15233 | Lair:3   | Reached skill level 10 in Fighting
 15268 | Lair:3   | Received a gift from Trog
 15493 | Lair:3   | Reached skill level 16 in Long Blades
 16116 | Lair:4   | Found a staircase to the Shoals.
 16597 | Lair:4   | Received a gift from Trog
 17031 | Lair:5   | Reached XP level 13. HP: 94/94 MP: 6/20
 17062 | Lair:5   | Reached skill level 10 in Armour
 17680 | Lair:5   | Found a staircase to the Snake Pit.
 17685 | Lair:5   | Reached skill level 17 in Long Blades
 18168 | Lair:6   | Received a gift from Trog
 19240 | Lair:7   | Received a gift from Trog
 20231 | Lair:8   | Entered Level 8 of the Lair of Beasts
 20285 | Lair:8   | Found a bloodstained altar of Trog.
 20292 | Lair:8   | Reached XP level 14. HP: 102/104 MP: 7/21
 20503 | Lair:8   | Found a staircase to the Slime Pits.
 20503 | Lair:8   | Found a viscous altar of Jiyva.
 20791 | Lair:8   | Reached skill level 18 in Long Blades
 20839 | Lair:8   | Noticed a dire elephant
 20849 | Lair:8   | Killed a dire elephant
 21028 | Lair:8   | Found a burning altar of Makhleb.
 21045 | Lair:8   | Received a gift from Trog
 21532 | Lair:8   | Found a gateway to Hell.
 22868 | D:12     | Gained mutation: You are robust (+10% HP). [mutagenic meat]
 23150 | D:12     | Found Pepoq's Weapon Emporium.
 23290 | D:12     | Received a gift from Trog
 23331 | D:12     | Found a staircase to the Orcish Mines.
 23907 | Orc:1    | Entered Level 1 of the Orcish Mines
 23951 | Orc:1    | Noticed Prince Ribbit
 23964 | Orc:1    | Killed Prince Ribbit
 24039 | Orc:1    | Noticed Blork the orc
 24046 | Orc:1    | Killed Blork the orc
 24300 | Orc:1    | Noticed Psyche
 24307 | Orc:1    | Killed Psyche
 24586 | Orc:1    | Received a gift from Trog
 24638 | Orc:1    | Got a jewelled triple sword {god gift}
 24640 | Orc:1    | Identified the +3 triple sword "Giujel" {slice, rElec rN+ Dex-4} (Trog gifted it to you on level 1 of the Orcish Mines)
 24803 | Orc:2    | Found an iron altar of Okawaru.
 25221 | Orc:3    | Received a gift from Trog
 25351 | Orc:4    | Entered Level 4 of the Orcish Mines
 25351 | Orc:4    | Found Naywatoxt's Antique Armour Boutique.
 25351 | Orc:4    | Noticed Snorg
 25364 | Orc:3    | Killed Snorg
 25659 | Orc:4    | Found Seexaet's Antique Weapon Shoppe.
 25941 | Orc:4    | Found Tresal's Jewellery Boutique.
 26091 | Orc:4    | Received a gift from Trog
 26102 | Orc:4    | Bought the ring "Theune Thun" {rF+ rC+ rN++ MR++ SInv Stlth-} for 789 gold pieces
 26102 | Orc:4    | Bought an uncursed amulet of regeneration for 390 gold pieces
 26194 | Orc:4    | Noticed an orc warlord
 26243 | Orc:4    | Killed an orc warlord
 26247 | Orc:4    | Reached XP level 15. HP: 124/124 MP: 7/22
 26324 | Orc:4    | Found Diotusk's General Store.
 26710 | Orc:4    | Bought a shiny helmet for 112 gold pieces
 26731 | Orc:4    | Bought a polished plate armour for 700 gold pieces
 26731 | Orc:4    | Identified the cursed -6 plate armour of a Thousand Orbs {rPois MR+} (You bought it in a shop on level 4 of the Orcish Mines)
 26875 | Orc:4    | Bought a glowing great sword for 162 gold pieces
 26983 | D:13     | Found a gate to the Vaults.
 26983 | D:13     | Noticed Donald
 27026 | D:12     | Killed Donald
 27132 | D:12     | Received a gift from Trog
 27368 | D:13     | Reached skill level 15 in Armour
 27619 | D:13     | Noticed Josephine
 27625 | D:13     | Killed Josephine
 27755 | D:13     | Identified a scroll of acquirement
 28035 | D:13     | Reached skill level 15 in Fighting
 28464 | D:14     | Received a gift from Trog
 29149 | D:15     | Entered Level 15 of the Dungeon
 29417 | D:15     | Noticed Sonja
 29451 | D:15     | Killed Sonja
 29854 | D:15     | Found a staircase to the Depths.
 30366 | Snake:1  | Entered Level 1 of the Snake Pit
 30652 | Snake:1  | Found a burning altar of Makhleb.
 31254 | Snake:2  | Noticed Vashnia
 31269 | Snake:2  | Received a gift from Trog
 31299 | Snake:2  | Killed Vashnia
 31547 | Snake:2  | Reached XP level 16. HP: 119/136 MP: 17/23
 31742 | Snake:2  | Noticed Kirke
 31762 | Snake:2  | Killed Kirke
 32506 | Snake:2  | Received a gift from Trog
 32817 | Snake:3  | Noticed Frances
 32828 | Snake:3  | Killed Frances
 34756 | Snake:5  | Entered Level 5 of the Snake Pit
 34792 | Snake:5  | Found Uhuhec's Assorted Antiques.
 34806 | Snake:5  | Bought a glowing puce potion for 36 gold pieces
 34897 | Snake:5  | Received a gift from Trog
 35202 | Snake:5  | Noticed Nikola
 35224 | Snake:5  | HP: 6/138 [shock serpent/bolt of electricity (22)]
 35234 | Snake:5  | Killed Nikola
 35768 | Snake:5  | Reached XP level 17. HP: 86/146 MP: 7/23
 36717 | Snake:5  | Received a gift from Trog
 37400 | Snake:5  | Got a serpentine rune of Zot
 37520 | Snake:5  | Received a gift from Trog
 37901 | Shoals:1 | Entered Level 1 of the Shoals
 37969 | Shoals:1 | Found Wybes' Distillery.
 37990 | Shoals:1 | Bought a potion of degeneration for 17 gold pieces
 37991 | Shoals:1 | Bought a potion of heal wounds for 85 gold pieces
 37991 | Shoals:1 | Bought a potion of curing for 51 gold pieces
 37991 | Shoals:1 | Bought 2 potions of resistance for 340 gold pieces
 37991 | Shoals:1 | Bought a potion of curing for 51 gold pieces
 38749 | Shoals:3 | Reached skill level 19 in Armour
 38977 | Shoals:4 | HP: 5/148 [tentacle[a kraken] (15)]
 38981 | Shoals:4 | Slain by a tentacle

Action                   |  1- 3 |  4- 6 |  7- 9 | 10-12 | 13-15 | 16-18 || total
-------------------------+-------+-------+-------+-------+-------+-------++-------
Melee: Falchion          |   125 |   242 |   781 |   331 |       |       ||  1479
       Great sword       |       |       |       |   600 |  1703 |  1087 ||  3390
       Scimitar          |       |       |       |     2 |    24 |       ||    26
Invok: Burn Spellbooks   |       |     1 |     1 |     1 |     2 |     1 ||     6
       Berserk           |       |     4 |     8 |     8 |     4 |     3 ||    27
       Brothers in Arms  |       |       |     1 |     2 |     3 |     2 ||     8
       Trog's Hand       |       |       |       |     2 |     4 |     4 ||    10
Evoke: Wand              |       |     3 |     4 |       |     8 |       ||    15
  Use: Scroll            |       |     8 |    14 |     8 |    15 |     8 ||    53
       Potion            |       |       |     1 |       |     2 |     5 ||     8
  Eat: Chunk             |     1 |     7 |    14 |    28 |    49 |    21 ||   120
       Meat ration       |       |     1 |     1 |     1 |       |       ||     3
       Beef jerky        |       |       |     4 |     1 |     1 |     2 ||     8
       Fruit             |       |       |     2 |       |     4 |     3 ||     9
       Bread ration      |       |       |       |     1 |       |     3 ||     4
       Pizza             |       |       |       |     1 |       |       ||     1
       Royal jelly       |       |       |       |       |     1 |     1 ||     2
